 Dungeon Crawl Stone Soup version 0.22-a0-379-ga9d99d6 (webtiles) character file.

605771 Serpenta the Warrior (level 26, -2/216 HPs)
             Began as a Mummy Chaos Knight on Apr 28, 2018.
             Splashed by a yellow draconian's acid (15 damage)
             ... on level 2 of the Realm of Zot.
             The game lasted 03:37:04 (73029 turns).

Serpenta the Warrior (Mummy Chaos Knight)          Turns: 73029, Time: 03:37:04

Health: -2/216     AC: 40    Str: 25    XL:     26   Next: 61%
Magic:  28/32      EV: 12    Int: 18    God:    Xom [.*....]
Gold:   7443       SH: 17    Dex: 16    Spells: 29/37 levels left

rFire    + . .     SeeInvis .   a - +9 broad axe (elec)
rCold    + . .     Gourm    .   X - +2 shield of Resistance {rF+ rC+ MR+}
rNeg     + + +     Faith    .   N - +8 orange crystal plate armour {Archmagi, Int+3 Clar}
rPois    ∞         Spirit   .   n - +2 helmet
rElec    +         Reflect  .   j - +1 cloak of the Flute {MR++}
rCorr    .         Harm     .   K - +2 pair of gloves of Responsibility {Regen+ Dex+4 Stlth-}
MR       +++++     Clarity  +   r - +2 pair of boots {run}
Stlth    ..........             G - amulet "Woedit" {rElec Regen+ Int+2}
HPRegen  1.26/turn              z - ring of fire
MPRegen  0.23/turn              y - +5 ring of slaying

@: corroded, studying 2 skills, quick
A: no food or potions, fire vulnerability, cold resistance 1, negative energy
resistance 3, torment resistance, unbreathing, in touch with death 2
}: 3/15 runes: decaying, serpentine, silver
a: Renounce Religion


You were on level 2 of the Realm of Zot.
You worshipped Xom.
You were a plaything of Xom.
You were not hungry.

You visited 10 branches of the dungeon, and saw 49 of its levels.
You also visited: Labyrinth, Trove and Wizlab.

You collected 11727 gold pieces.
You spent 4284 gold pieces at shops.


Innate Abilities, Weirdness & Mutations

You do not eat or drink.
Your flesh is vulnerable to fire.
You are immune to poison.
Your flesh is cold resistant. (rC+)
You are immune to negative energy. (rN+++)
You are immune to unholy pain and torment.
You can survive without breathing.
You are strongly in touch with the powers of death.


   Skills:
 + Level 19.4 Fighting
 * Level 19.1 Axes
 + Level 19.0 Armour
 - Level 12.0 Dodging
 - Level 15.0 Shields
 - Level 6.0 Spellcasting
 - Level 11.9 Charms
 - Level 12.0 Translocations
 + Level 9.8 Evocations


You had 29 spell levels left.
You knew the following spells:

 Your Spells              Type           Power        Failure   Level  Hunger
a - Apportation           Tloc           ######       1%          1    N/A
b - Blink                 Tloc           N/A          2%          2    N/A
s - Swiftness             Chrm/Air       #####...     26%         2    N/A
A - Lesser Beckoning      Tloc           ######....   4%          3    N/A

Action                   |  1- 3 |  4- 6 |  7- 9 | 10-12 | 13-15 | 16-18 | 19-21 | 22-24 | 25-27 || total
-------------------------+-------+-------+-------+-------+-------+-------+-------+-------+-------++-------
Melee: Hand axe          |   107 |   135 |   271 |    31 |       |       |       |       |       ||   544
       War axe           |       |       |   206 |     5 |       |       |       |       |       ||   211
       Broad axe         |       |       |       |   811 |  1477 |  1437 |  1764 |  1846 |   974 ||  8309
       Flail             |       |       |       |    33 |       |       |       |       |       ||    33
       Morningstar       |       |       |       |       |    24 |       |    78 |       |       ||   102
 Fire: Blowgun           |       |     1 |       |       |       |       |       |       |       ||     1
Throw: Tomahawk          |       |       |     1 |    33 |     6 |       |       |     1 |       ||    41
 Cast: Lesser Beckoning  |       |       |       |       |       |       |    24 |    70 |    37 ||   131
       Apportation       |       |       |       |       |       |       |     1 |     1 |       ||     2
       Blink             |       |       |       |       |       |       |       |       |     3 ||     3
Evoke: Wand              |       |       |    11 |    21 |    13 |       |     2 |     1 |     1 ||    49
       Lightning rod     |       |       |       |       |     5 |       |       |       |     4 ||     9
       Sack of spiders   |       |       |       |       |     3 |     2 |       |       |       ||     5
       Phial of floods   |       |       |       |       |       |     1 |       |       |       ||     1
       Lamp of fire      |       |       |       |       |       |       |       |     2 |     1 ||     3
       Fan of gales      |       |       |       |       |       |       |       |       |     1 ||     1
  Use: Scroll            |     3 |     1 |    11 |     7 |    19 |    15 |    16 |     9 |    10 ||    91
 Stab: Paralysed         |     3 |       |     8 |     7 |    10 |       |     4 |       |       ||    32
       Confused          |     3 |       |     4 |     4 |     3 |     2 |    10 |     6 |     2 ||    34
       Petrified         |     2 |       |     2 |       |     6 |       |       |       |       ||    10
       Distracted        |       |       |       |     2 |     3 |     2 |     3 |     4 |     1 ||    15
       Invisible         |       |       |       |     9 |     7 |       |       |       |       ||    16
       Sleeping          |       |       |       |     1 |       |       |       |     2 |       ||     3
       Petrifying        |       |       |       |       |     1 |     2 |       |     1 |       ||     4
Armor: Leather armour    |    40 |    17 |       |       |       |       |       |       |       ||    57
       Scale mail        |       |    46 |   276 |       |       |       |       |       |       ||   322
       Plate armour      |       |       |    81 |   770 |   128 |       |       |       |       ||   979
       Crystal plate arm |       |       |       |       |  1011 |  1001 |  1354 |  1105 |   529 ||  5000
       Fire dragon scale |       |       |       |       |       |       |    10 |       |       ||    10
Dodge: Dodged            |    60 |    54 |   199 |   240 |   206 |   148 |   323 |   507 |   270 ||  2007
Block: Buckler           |    17 |    34 |    96 |   243 |   311 |   204 |   336 |   190 |       ||  1431
       Shield            |       |       |       |       |       |       |       |   341 |   569 ||   910

Inventory:

Hand Weapons
 a - a +9 broad axe of electrocution (weapon)
 p - a +8 blowgun
 w - the +11 morningstar of Zovvan {speed, *Noise +Inv Str-2 Stlth+}
   (You took it off a deep elf knight on level 3 of the Elven Halls)

   Attacks with this weapon are significantly faster.
   It affects your strength (-2).
   It lets you turn invisible.
   It may make noises in combat.
   It makes you more stealthy.
Missiles
 q - 21 curare-tipped needles
 x - 52 tomahawks (quivered)
Armour
 j - the +1 cloak of the Flute (worn) {MR++}
   (You found it on level 6 of the Lair of Beasts)

   It affects your resistance to hostile enchantments.
 k - +0 gold dragon scales
 m - the +1 cloak of Starlight {rElec rC+ EV+4 Stlth--}
   (You found it in a wizard's laboratory)

   It affects your evasion (+4).
   It protects you from cold.
   It insulates you from electricity.
   It makes you much less stealthy.
 n - a +2 helmet (worn)
 r - a +2 pair of boots of running (worn)
 K - the +2 pair of gloves of Responsibility (worn) {Regen+ Dex+4 Stlth-}
   (You took it off Nikola on level 1 of the Depths)

   It affects your dexterity (+4).
   It increases your rate of regeneration.
   It makes you less stealthy.
 N - the +8 orange crystal plate armour (worn) {Archmagi, Int+3 Clar}
   (You acquired it on level 2 of the Orcish Mines)

   It affects your intelligence (+3).
   It protects you against confusion.
 V - +4 fire dragon scales {Xtahua}
 X - the +2 shield of Resistance (worn) {rF+ rC+ MR+}
   (You took it off a vault warden on level 5 of the Vaults)

   It protects you from fire.
   It protects you from cold.
   It affects your resistance to hostile enchantments.
Jewellery
 c - an uncursed ring of resist corrosion {unknown}
 f - an uncursed ring of teleportation
 g - a +4 ring of protection
 i - a +6 ring of strength
 v - an uncursed ring of wizardry
 y - a +5 ring of slaying (right hand)
 z - a ring of fire (left hand)
 E - an uncursed ring of flight
 G - the amulet "Woedit" (around neck) {rElec Regen+ Int+2}
   (You took it off a minotaur in a labyrinth)

   [amulet of regeneration]

   It affects your intelligence (+2).
   It insulates you from electricity.
   It increases your rate of regeneration.
 J - an uncursed ring of see invisible
 T - a cursed -3 ring of strength
 W - an uncursed ring of protection from cold
Wands
 d - a wand of scattershot (18)
 l - a wand of acid (46)
 o - a wand of polymorph (92)
 F - a wand of digging (74)
 L - a wand of disintegration (86)
 Q - a wand of iceblast (51)
 U - a wand of paralysis (95)
 Y - a wand of enslavement (13)
Scrolls
 b - 22 scrolls of identify
 e - 8 scrolls of fear
 h - 19 scrolls of teleportation
 s - 2 scrolls of enchant armour
 t - 5 scrolls of magic mapping
 u - 9 scrolls of fog
 A - 12 scrolls of remove curse
 M - 2 scrolls of summoning
 P - 3 scrolls of blinking
Books
 C - a manual of Evocations
 D - a manual of Summonings
Miscellaneous
 B - a fan of gales (inert)
 H - a lightning rod (inert)
 I - 3 sacks of spiders
 O - a phial of floods
 R - a phantom mirror {god gift}
 S - a lamp of fire

##### #...# #..)#
##...# #....# #....#
##### ..
###....###qq.#####...
##....qd.qdqdqd...X...
#.....Jq..q@dqd....X.X
.......zd..qqdq.......
....#####.d.##........
... #...##........ .#
########...### ##.#
..# .#


You could see a tentacled monstrosity, an acid blob (berserk), a yellow
draconian, a friendly white draconian monk, 2 friendly draconians, 2 friendly
draconians, a friendly yellow draconian, 3 friendly draconians, 2 friendly
draconians, 2 friendly draconians, a friendly death cob, a friendly red
draconian stormcaller, 4 friendly draconians and 2 friendly draconians.

Vanquished Creatures
  2 ancient liches
  Mara (Vaults:2)
  2 juggernauts (Depths:2)
  Margery (Crypt:1)
  Xtahua (Depths:5)
  2 curse toes
  4 golden dragons
  the Enchantress (Depths:2)
  Nikola (Depths:1)
  A bone dragon (Crypt:3)
  Jorgrun (Swamp:3)
  3 tentacled monstrosities
  5 liches
  8 titans
  Asterion (Depths:3)
  A deep elf master archer (Elf:3)
  3 quicksilver dragons
  2 titans (shapeshifter)
  2 deep elf blademasters (Elf:3)
  A quicksilver dragon (shapeshifter) (D:8)
  2 death cobs (Zot:1)
  An eldritch tentacle (WizLab)
  A sphinx (Depths:2)
  7 ancient champions (Crypt:3)
  10 shadow dragons
  2 thorn hunters
  A storm dragon (shapeshifter) (Zot:1)
  4 storm dragons
  6 tengu reavers
  14 fire giants
  3 revenants
  Roxanne (Snake:2)
  9 nagarajas
  A frost giant (shapeshifter) (Snake:4)
  Louise (Elf:3)
  12 frost giants
  6 deep elf sorcerers
  19 vault wardens
  A deep elf elementalist (Depths:3)
  4 orc warlords
  4 iron dragons
  2 spriggan defenders (Depths:2)
  2 ghouls (Crypt:2)
  14 ironheart preservers
  2 draconian shifters
  A curse skull (Crypt:2)
  2 war gargoyles
  A draconian stormcaller (Depths:5)
  An entropy weaver (shapeshifter) (Vaults:4)
  An entropy weaver (Vaults:4)
  5 vampire knights
  23 stone giants
  28 very ugly things
  The ghost of DEFE the Severer, a journeyman MiFi of the Shining One (D:15)
  5 deep elf demonologists
  2 green draconians (Depths:5)
  4 yellow draconians
  4 black draconians
  2 large abominations (Vaults:5)
  4 white draconians
  A purple draconian (Zot:1)
  2 spark wasps (Depths:1)
  The ghost of Pikaro the Convoker, a journeyman BaSu of Zin (Lair:6)
  6 dire elephants
  A red draconian (Zot:1)
  5 eidola
  12 deep elf annihilators
  26 ettins
  A minotaur (Lab)
  13 deep elf death magi
  A crystal guardian (Vaults:4)
  9 deep elf high priests
  9 ogre magi
  Josephine (Swamp:1)
  19 fire dragons
  A great orb of eyes (shapeshifter) (Vaults:1)
  14 yaktaur captains
  16 jiangshi
  A mummy priest (Crypt:3)
  16 great orbs of eyes
  19 hydras
  11 rakshasas
  32 vault guards
  11 ice dragons
  A catoblepas (D:13)
  15 naga warriors
  16 anacondas
  Erica (Lair:1)
  The ghost of Rhok the Cleaver, a novice DrAr of Okawaru (D:7)
  2 ghost crabs
  7 spriggan air magi
  9 centaur warriors
  24 dancing weapons
  4 death knights
  6 death yaks (Lair:6)
  A two-headed ogre (shapeshifter) (Snake:3)
  17 deep troll shamans
  13 deep troll earth magi
  2 hell hogs (Depths:5)
  6 tengu warriors
  8 vampire magi
  2 thrashing horrors (WizLab)
  7 spriggan berserkers
  8 orc high priests
  6 shock serpents
  32 two-headed ogres
  15 alligators
  13 naga sharpshooters
  Sonja (D:13)
  A soul eater (Crypt:3)
  Urug (Lair:4)
  A storm dragon zombie (Vaults:2)
  16 hell knights
  13 iron trolls
  7 salamander mystics
  19 deep elf knights
  2 shadow wraiths (Crypt:3)
  An unseen horror (shapeshifter) (Depths:1)
  An iron giant zombie (Crypt:2)
  An entropy weaver zombie (Vaults:2)
  16 skeletal warriors
  30 deep trolls
  3 spriggan druids
  An anaconda zombie (Crypt:3)
  4 glowing orange brains
  A sea snake (D:13)
  8 unseen horrors
  8 flayed ghosts
  2 shambling mangroves
  13 ironbrand convokers
  4 lindwurms (Snake:4)
  11 swamp dragons
  An obsidian statue (WizLab)
  3 shadow dragon zombies
  8 wizards
  14 deep elf archers
  A harpy (D:13)
  9 necromancers
  8 naga ritualists
  6 phantasmal warriors
  13 mana vipers
  30 ugly things
  A tengu skeleton (Vaults:2)
  A manticore (shapeshifter) (Elf:1)
  25 orc knights
  A fire giant zombie (Crypt:3)
  13 cyclopes
  A sphinx skeleton (Crypt:2)
  2 orc sorcerers (Vaults:1)
  7 wolf spiders
  60 deep elf magi
  3 manticores
  14 salamanders
  4 moths of wrath (Zot:1)
  5 human skeletons
  12 elephants
  21 naga magi
  Joseph (D:10)
  A stone giant skeleton (Vaults:2)
  A torpor snail (shapeshifter) (Swamp:4)
  31 black mambas
  14 vault sentinels
  12 guardian serpents
  An eye of devastation (Vaults:3)
  5 gargoyles
  A minotaur zombie (Crypt:2)
  13 freezing wraiths
  A rime drake (shapeshifter) (Vaults:5)
  15 spiny frogs
  A demonspawn skeleton (WizLab)
  A dire elephant skeleton (Crypt:1)
  74 yaktaurs
  A komodo dragon (shapeshifter) (Vaults:1)
  An iron troll zombie (Crypt:1)
  A yaktaur (shapeshifter) (Vaults:2)
  7 tengu conjurers
  13 komodo dragons
  A demonic crawler (WizLab)
  2 elves (Depths:4)
  A golden dragon simulacrum (Crypt:3)
  A sea snake skeleton (Crypt:1)
  A hellwing (WizLab)
  12 trolls
  4 guardian mummies
  2 trolls (shapeshifter)
  A polar bear (Lair:6)
  A jumping spider (shapeshifter) (Vaults:5)
  10 tyrant leeches
  20 hornets
  15 blink frogs
  A harpy skeleton (D:13)
  Grinder (D:3)
  2 blink frogs (shapeshifter)
  A hydra skeleton (Crypt:2)
  A snapping turtle (shapeshifter) (Depths:2)
  8 bog bodies
  2 hippogriffs (shapeshifter)
  7 hippogriffs
  An ettin zombie (Crypt:3)
  2 fire giant simulacra
  36 slime creatures
  7 dream sheep (Lair:6)
  3 redbacks (Vaults:4)
  3 air elementals
  14 spriggans
  3 vampires
  Sigmund (D:3)
  A meliai zombie (D:15)
  A satyr skeleton (Crypt:3)
  5 shadows
  A tarantella (shapeshifter) (Vaults:2)
  2 wyverns
  2 ushabtiu (Crypt:3)
  A yak (shapeshifter) (Vaults:1)
  4 fire elementals
  An ice dragon skeleton (Crypt:2)
  10 water elementals
  12 wraiths
  An ettin skeleton (Vaults:1)
  32 yaks
  2 humans (shapeshifter)
  2 humans (Depths:4)
  A golden eye (WizLab)
  A yaktaur simulacrum (Vaults:1)
  35 vampire mosquitoes
  4 basilisks
  Grum (D:11)
  5 hungry ghosts
  15 swamp worms
  13 wargs
  A faun zombie (Crypt:3)
  2 spatial vortices (WizLab)
  13 insubstantial wisps
  35 nagas
  3 acid dragons
  2 soldier ants
  A soldier ant (shapeshifter) (Depths:4)
  6 water moccasins
  8 porcupines
  7 hell hounds (Depths:5)
  A floating eye (shapeshifter) (Depths:3)
  16 swamp drakes
  2 eyes of draining
  A black bear (shapeshifter) (Vaults:5)
  6 ice beasts
  3 black bears
  4 phantoms
  A blink frog zombie (Crypt:2)
  3 sky beasts
  5 necrophages
  33 ogres
  69 orc warriors
  8 boggarts
  21 wolves
  22 centaurs
  12 crocodiles
  2 big kobolds
  A yaktaur zombie (Crypt:2)
  A draconian zombie (Crypt:3)
  A rime drake skeleton (Crypt:1)
  2 spectral wargs (Depths:4)
  A komodo dragon zombie (Crypt:1)
  21 bullfrogs
  2 glowing shapeshifter simulacra
  A salamander skeleton (Crypt:3)
  2 wyvern zombies
  3 earth elementals
  4 scorpions
  A shapeshifter zombie (Crypt:3)
  A troll skeleton (Crypt:1)
  A troll zombie (D:9)
  5 killer bees (D:10)
  19 wights
  2 electric eels (Lair:3)
  A lava snake (D:11)
  4 howler monkeys
  4 crimson imps
  A human simulacrum (Vaults:3)
  3 quasits
  3 bullfrog zombies
  3 bullfrog skeletons
  4 human zombies
  14 jellies
  36 orc wizards
  34 orc priests
  6 hounds
  Jessica (D:2)
  6 centaur skeletons
  Terence (D:2)
  7 iguanas
  10 worker ants
  5 ogre zombies (D:9)
  A crocodile zombie (Crypt:3)
  2 acid dragon skeletons
  2 hound skeletons
  4 mummies (Crypt:1)
  A worker ant zombie (D:8)
  Robin (D:3)
  9 adders
  A gnoll (Orc:1)
  3 shadow imps
  An ooze (D:3)
  An iguana zombie (Crypt:3)
  2 adder skeletons
  4 worms
  A barachi skeleton (Crypt:2)
  5 leopard geckos
  127 orcs
  5 giant cockroaches
  15 goblins
  11 hobgoblins
  11 jackals
  6 quokkas
  6 bats
  A frilled lizard (D:3)
  A frilled lizard skeleton (Crypt:2)
  A goblin skeleton (D:9)
  A goblin zombie (D:9)
  2 hobgoblin skeletons
  A hobgoblin zombie (D:9)
  26 kobolds
  A leopard gecko skeleton (D:6)
  An orc skeleton (D:9)
  14 orc zombies (D:9)
  6 rats
  9 briar patches
  4 crawling corpses
  2 fire vortices
  4 fungi
  A lurking horror (WizLab)
  4 plants (Lair:6)
2435 creatures vanquished.

Vanquished Creatures (collateral kills)
  6 very ugly things
  2 spriggan defenders (Depths:2)
  A stone giant (Depths:2)
  Snorg (Lair:5)
  A jiangshi (Depths:5)
  A great orb of eyes (Depths:2)
  Erolcha (D:13)
  2 ice dragons (Depths:2)
  A naga warrior (Snake:4)
  A hydra (Swamp:2)
  A vampire mage (Depths:5)
  2 ugly things
  4 deep elf magi
  An elephant (Lair:6)
  A naga mage (Snake:1)
  A centaur skeleton (D:15)
  A yaktaur (Vaults:3)
  A polar bear (Lair:6)
  2 slime creatures (D:15)
  A shadow (D:15)
  5 yaks (Lair:6)
  2 acid dragons
  2 nagas (Snake:3)
  A meliai simulacrum (D:15)
  2 orc warriors
  A quasit (D:15)
  2 jellies (Zot:2)
  4 orcs
  4 fungi
  2 plants (Lair:6)
57 creatures vanquished.

Vanquished Creatures (others)
  A war gargoyle (Vaults:5)
  A spark wasp (Depths:1)
  5 dancing weapons
  A death yak (Lair:6)
  An unseen horror (shapeshifter) (Lair:6)
  A naga ritualist (Snake:3)
  An orc sorcerer (D:15)
  A deep elf mage (Vaults:4)
  A wyvern (D:15)
  A yak (Lair:6)
  6 ice beasts (Lair:3)
  An orc warrior (D:15)
  A bullfrog (Lair:3)
  An orc priest (D:6)
  2 briar patches (Swamp:4)
  31 fungi
  16 plants
72 creatures vanquished.

Grand Total: 2564 creatures vanquished

Vault maps used:
D:1:      doesnt_arrival_eight_statues, minmay_tiny_reverse_x
D:2:      marbit_many_paths, trog_book, uniq_terence, uniq_jessica
D:3:      grunt_temple_overflow_growth_and_decay, uniq_robin, uniq_sigmund,
          uniq_grinder
D:4:      minmay_temple_entry_large_hall
D:5:      overflow_temple_1_default, lemuel_doored_altar, first_ration
D:6:      hangedman_decor_points
D:7:      the_bakery
D:8:      cheibriados_altar_1, due_lair_maze_entry_diamond, serial_shops,
          nicolae_shop_behind_doors, uniq_gastronok
D:9:      zombieorc1_lemuel
D:10:     minmay_pinched_square, uniq_joseph
D:11:     serial_shops, shop, kennysheep_cross_bottleneck, lemuel_old_faithful,
          uniq_grum
D:12:     lab_entry_generic
D:13:     hangedman_cross_veins, david_vaults_4, serial_shops,
          nicolae_shop_waterfront, shop, nicolae_shop_crystal,
          hangedman_abyss_or_decor_lesser_grid, uniq_erolcha, uniq_sonja
D:14:     corexii_hall_statues_l, hangedman_decor_growths
D:15:     grunt_enter_depths_snipers, lemuel_statue_altar, lemuel_centaur_altar
Lair:1:   basic_altar, st_stairs_6, beast_lair_carwin_5, uniq_erica
Lair:2:   swamp_mist, grunt_megastairs_3
Lair:3:   minmay_snake_entry_guardpost_medium, portal_ice_cave_entry_ice_beasts,
          basic_altar, infiniplex_staircase_pool, grunt_megastairs_2
Lair:4:   uniq_urug
Lair:5:   uniq_snorg
Lair:6:   due_jungle_book, minmay_slime_entry_pillars, kilobyte_rumbling_trees
Swamp:1:  evilmike_swamp_ruin_house_5, uniq_josephine
Swamp:2:  hangedman_swamp_cone, swamp_pool5
Swamp:3:  evilmike_swamp_ruin_house_3
Swamp:4:  swamp, uniq_jorgrun
Snake:2:  uniq_roxanne
Snake:4:  snake_pit_salamanders_mu, serial_shops, shop, nicolae_shop_waterfront,
          shop, nicolae_shop_trees
Orc:1:    serial_shops, nicolae_shop_temple_entry_statues_fountains
Orc:2:    st_orc_pillars, serial_shops, shop, shop, shop
Elf:1:    eino_elf_arrival_altar, serial_shops, shop, orc_legates
Elf:3:    minmay_elf_hall_dome, serial_shops, shop, uniq_louise, uniq_donald
Vaults:1: vaults_standard_mumra_x, ontoclasm_vaults_idyll,
          nicolae_vaults_network_s, nicolae_vaults_what_the_h,
          grunt_vaults_focal, v_misc_31, nicolae_vaults_shelves_hall,
          nicolae_vaults_little_squares_3, hangedman_vaults_nails,
          ontoclasm_vaults_decontamination, serial_shops, shop
Vaults:2: hangedman_vaults_restitches, minmay_crypt_entry_necro_gods,
          nicolae_vaults_rhombus_7, hangedman_vaults_hard_town_square,
          nicolae_vaults_little_squares_2, nicolae_vaults_little_squares_1,
          vaults_room_boxed, v_misc_11, hangedman_vaults_hat,
          grunt_vaults_hallway_short, v_misc_29, vaults_dpeg_ring,
          nicolae_vaults_mini_display_case, infiniplex_enter_wizlab_water,
          uniq_mara
Vaults:3: v_misc_2, v_pattern_1, ontoclasm_vaults_tryst, ontoclasm_vaults_chip,
          vaults_dpeg_encased_lava, v_rooms_2, v_alt_pattern_2, v_alt_pattern_5,
          vaults_room_fancy_cross, v_misc_17, ontoclasm_vaults_shuriken,
          vaults_room_pool, v_alt_pattern_4
Vaults:4: nicolae_vaults_gold_heap, hangedman_vaults_slither,
          hangedman_vaults_impose, vaults_mumra_minichess,
          nicolae_vaults_border_crossing, ontoclasm_vaults_eye, v_alt_pattern_2,
          v_misc_5, vaults_dpeg_diagonal, serial_shops, shop_statue
Crypt:1:  grunt_crypt_arrival_guarded_gate, uniq_frederick, uniq_aizul,
          uniq_margery
Crypt:2:  serial_co_window_serial, co_window_of_opportunity_a,
          co_window_of_opportunity_a, co_window_paths_a, co_window_paths_a,
          co_window_paths_a, co_window_corner_cb, co_window_of_opportunity_c,
          co_window_unsneaky_path_a, co_window_corner_b, co_window_cross_3,
          co_window_4corner_b, co_window_sun, glass_columns_a, glass_columns_c,
          glass_columns_a, glass_columns_a, glass_columns_a
Crypt:3:  lightli_unholy_cathedral, basic_altar
Depths:1: kennysheep_ogre_elephant_herders, hell_entry, minmay_splitting_lines,
          chequers_big_river, hangedman_decor_riveting, minmay_metal_thing,
          uniq_nikola
Depths:2: hangedman_slaughterboxes, hell_entry, serial_shops
Depths:3: minmay_nested_s, serial_shops, shop, nicolae_trove_entry_diagonal,
          grunt_pan_entry_in_and_out, grunt_hell_entry_dis_grunt,
          doesnt_xom_only_xom, uniq_asterion, uniq_enchantress
Depths:4: grated_community_mu, enter_ziggurat_a, hell_entry, pan_entry,
          minmay_curled_crystal, abyss_entry
Depths:5: grunt_twist_and_shout, grunt_hell_horde, minmay_crystal_water,
          uniq_xtahua
Zot:1:    lemuel_acid_trip
Zot:2:    gammafunk_the_bubble
Lab:      labyrinth_mini_lab
Trove:    trove_misc_throne_room
WizLab:   wizlab_golubria


Message History

Your white draconian annihilator mumbles some strange words.
Your white draconian annihilator blinks!
Your white draconian knight hits the yellow draconian but does no damage.
Your white draconian breathes frost at the yellow draconian.
The chilling blast hits the yellow draconian.
Your red draconian stormcaller closely misses the yellow draconian.
The acid blob hits your death cob!!!
Your death cob is splashed with acid.
Your red draconian shifter hits the acid blob with a long sword!
Your red draconian shifter is burned by acid!
You swap places.
Your death cob hits the acid blob!!
Your death cob drains the acid blob's vigour!
The acid blob seems to slow down.
Your death cob is burned by acid!
Your white draconian knight hits the yellow draconian with a long sword!
The yellow draconian throws acid at your white draconian.
The glob of acid hits you!
* * * LOW HITPOINT WARNING * * *
You are splashed with acid!
The acid burns!
You die...
Xom guffaws!

Notes
Turn   | Place    | Note
-------+----------+-------------------------------------------
     0 | D:1      | Serpenta the Mummy Chaos Knight began the quest for the Orb.
     0 | D:1      | Reached XP level 1. HP: 18/18 MP: 1/1
   157 | D:1      | Reached XP level 2. HP: 16/24 MP: 2/2
   523 | D:1      | XOM: divination: detect items
   706 | D:2      | Reached XP level 3. HP: 25/29 MP: 3/3
   966 | D:2      | Noticed Terence
   977 | D:2      | XOM: confuse monster(s)
   983 | D:2      | XOM: summons friendly quasit
   994 | D:2      | Killed Terence
  1193 | D:2      | Noticed Jessica
  1198 | D:2      | XOM: enchant monster (good)
  1202 | D:2      | Killed Jessica
  1202 | D:2      | Reached XP level 4. HP: 35/35 MP: 4/4
  1313 | D:2      | Found a bloodstained altar of Trog.
  1671 | D:2      | Found a stormy altar of Qazlal.
  1698 | D:3      | XOM: harmless Hex miscast
  1708 | D:3      | Noticed Sigmund
  1716 | D:3      | XOM: 2-stop teleportation journey
  1717 | D:3      | Noticed Grinder
  1773 | D:3      | XOM: 9-stop teleportation journey
  1807 | D:3      | Reached XP level 5. HP: 37/41 MP: 5/5
  1854 | D:3      | XOM: scenery: create altars
  1862 | D:3      | Reached skill level 5 in Axes
  1923 | D:3      | XOM: 3-stop teleportation journey
  2024 | D:3      | Noticed Robin
  2044 | D:3      | Killed Robin
  2067 | D:2      | XOM: divination: detect items
  2229 | D:3      | XOM: cleaving
  2234 | D:3      | Killed Grinder
  2234 | D:3      | Reached XP level 6. HP: 48/48 MP: 6/6
  2323 | D:3      | Found a blossoming altar of Fedhas.
  2376 | D:3      | Killed Sigmund
  2376 | D:3      | Reached XP level 7. HP: 42/55 MP: 7/7
  2632 | D:3      | Found an ancient bone altar of Kikubaaqudgha.
  2749 | D:4      | XOM: noise
  2754 | D:4      | Reached skill level 5 in Fighting
  2766 | D:4      | Noticed a fire crab
  2766 | D:4      | a big kobold changed into a fire crab
  2767 | D:4      | Noticed a polar bear
  2768 | D:4      | Noticed a meliai
  2768 | D:4      | a polar bear changed into a meliai
  2769 | D:4      | a meliai changed into something unseen
  2770 | D:4      | Noticed a raiju
  2815 | D:3      | XOM: severe Tloc miscast
  3069 | D:4      | XOM: 3-stop teleportation journey
  3182 | D:5      | Entered Level 5 of the Dungeon
  3190 | D:5      | Found a burning altar of Makhleb.
  3257 | D:5      | XOM: severe Tmut miscast
  3583 | D:5      | Reached XP level 8. HP: 50/64 MP: 8/8
  3647 | D:5      | XOM: harmless Pois miscast
  3769 | D:5      | XOM: 1-stop teleportation journey
  3937 | D:5      | XOM: scenery: 2 doors open, 1 doors close
  4100 | D:5      | Found a deep blue altar of Sif Muna.
  4381 | D:5      | XOM: potion effect (agility)
  4445 | D:5      | XOM: medium Erth miscast
  4698 | D:6      | XOM: 6-stop teleportation journey
  4762 | D:6      | XOM: 1-stop teleportation journey
  5516 | D:6      | XOM: noise
  5900 | D:7      | Noticed a hippogriff
  5909 | D:7      | XOM: noise
  5910 | D:7      | Killed a hippogriff
  5929 | D:7      | XOM: 2-stop teleportation journey
  6131 | D:7      | Noticed Rhok's ghost (novice DrAr)
  6134 | D:7      | XOM: enchant monster (good)
  6135 | D:7      | XOM: polymorph black bear -> acid dragon
  6159 | D:7      | XOM: cast spell 'Summon Mana Viper'
  6202 | D:7      | XOM: summons 2 hostile shadow creatures
  6360 | D:7      | XOM: chaos cloud
  6362 | D:7      | XOM: mild Air miscast
  6376 | D:6      | XOM: scenery: create altars
  6396 | D:6      | XOM: scenery: create altars
  6421 | D:6      | XOM: god gift: runed trident {god gift}
  6529 | D:6      | Reached XP level 9. HP: 59/74 MP: 9/9
  6827 | D:7      | XOM: cast spell 'Monstrous Menagerie'
  7195 | D:7      | XOM: cloud trail
  7562 | D:7      | XOM: confuse monster(s)
  7590 | D:7      | XOM: potion effect (agility)
  7736 | D:7      | XOM: 1-stop teleportation journey
  7943 | D:6      | XOM: god gift: flail {god gift}
  8185 | D:7      | XOM: god gift: scroll of blinking {god gift}
  8252 | D:7      | XOM: summons 7 friendly demons
  8270 | D:7      | XOM: confuse monster(s)
  8312 | D:8      | Found a snail-covered altar of Cheibriados.
  8360 | D:8      | XOM: cast spell 'Summon Small Mammal'
  8365 | D:8      | XOM: 2-stop teleportation journey
  8409 | D:8      | Noticed Gastronok
  8409 | D:8      | XOM: confuse monster(s)
  8416 | D:8      | XOM: 1-stop teleportation journey
  8418 | D:8      | Noticed Gastronok
  8418 | D:8      | Gastronok changed into Gastronok the shard shrike
  8418 | D:8      | XOM: polymorph Gastronok -> Gastronok the shard shrike
  8432 | D:7      | XOM: mild Chrm miscast
  8616 | D:6      | XOM: medium Air miscast
  8797 | D:8      | XOM: swap monsters
  8811 | D:7      | XOM: noise
  8813 | D:7      | XOM: stat loss: -1 Str (17/18)
  8862 | D:7      | XOM: mild Tmut miscast
  8981 | D:7      | XOM: cloud trail
  9006 | D:7      | XOM: summons 4 hostile demons
  9154 | D:8      | XOM: medium Chrm miscast
  9180 | D:8      | XOM: noise
  9213 | D:8      | XOM: mild Pois miscast
  9296 | D:8      | XOM: potion effect (agility)
  9336 | D:8      | Found a staircase to the Lair.
  9354 | D:8      | XOM: summons friendly shadow imp
  9355 | D:8      | XOM: divination: detect creatures
  9361 | D:7      | XOM: fog
  9392 | D:8      | XOM: smoke on damage
  9579 | D:8      | Reached XP level 10. HP: 72/80 MP: 10/10
  9661 | D:8      | XOM: smoke on damage
  9666 | D:8      | XOM: potion effect (haste)
  9682 | D:8      | Reached skill level 5 in Armour
  9791 | D:8      | Noticed Gastronok
  9791 | D:8      | Noticed Gastronok
  9791 | D:8      | Gastronok the spark wasp changed into Gastronok the great orb of eyes
  9880 | Lair:1   | Entered Level 1 of the Lair of Beasts
 10029 | Lair:1   | XOM: destruction
 10087 | Lair:1   | XOM: 8-stop teleportation journey
 10099 | Lair:1   | XOM: enchant monster (good)
 10415 | Lair:1   | XOM: fog
 10724 | Lair:1   | Noticed a spiny frog
 10731 | Lair:1   | Killed a spiny frog
 10890 | Lair:1   | Noticed Erica
 10893 | Lair:2   | XOM: fog
 10969 | Lair:2   | XOM: harmless Pois miscast
 11008 | Lair:2   | Reached skill level 10 in Axes
 11012 | Lair:2   | Noticed a black mamba
 11023 | Lair:2   | Killed a black mamba
 11138 | Lair:2   | Noticed a seven-headed hydra
 11140 | Lair:2   | XOM: confuse monster(s)
 11161 | Lair:3   | Noticed a four-headed hydra
 11162 | Lair:3   | XOM: cast spell 'Death Channel'
 11167 | Lair:3   | Noticed a satyr
 11167 | Lair:3   | a four-headed hydra changed into a satyr
 11167 | Lair:3   | XOM: polymorph four-headed hydra -> satyr
 11170 | Lair:3   | Noticed a wolf spider
 11170 | Lair:3   | a satyr changed into a wolf spider
 11170 | Lair:3   | XOM: polymorph satyr -> wolf spider
 11171 | Lair:3   | XOM: cleaving
 11183 | Lair:3   | Killed a wolf spider
 11183 | Lair:3   | Reached XP level 11. HP: 15/86 MP: 11/11
 11195 | Lair:3   | XOM: god gift: 22 bolts {god gift}
 11508 | Lair:3   | Learned a level 2 spell: Blink
 11723 | Lair:3   | Got a dazzling chain mail
 11755 | Lair:3   | Found a frozen archway.
 11758 | Lair:3   | XOM: summons friendly iron imp
 11761 | Lair:3   | XOM: divine lightning
 11774 | Lair:3   | :(
 11778 | Lair:3   | Learned a level 3 spell: Lesser Beckoning
 11781 | Lair:3   | Learned a level 2 spell: Swiftness
 11806 | Lair:3   | Identified the +6 chain mail of the Lumpy People {rElec rF- rC+++ MR-} (You found it on level 3 of the Lair of Beasts)
 11921 | Lair:2   | Found a staircase to the Swamp.
 12284 | Lair:2   | XOM: polymorph crocodile -> scorpion
 12295 | Lair:2   | XOM: smoke on damage
 12308 | Lair:2   | Killed a seven-headed hydra
 12503 | Lair:2   | XOM: harmless Hex miscast
 12778 | Lair:3   | Found a snail-covered altar of Cheibriados.
 12830 | Lair:3   | XOM: silly message
 13115 | Lair:3   | Found a staircase to the Snake Pit.
 13303 | Lair:3   | XOM: medium Summ miscast
 13423 | Lair:3   | XOM: harmless Tmut miscast
 13779 | Lair:4   | XOM: potion effect (might)
 13781 | Lair:4   | Reached skill level 1 in Shields
 14113 | Lair:4   | Noticed an eight-headed hydra
 14140 | Lair:4   | Killed an eight-headed hydra
 14428 | Lair:4   | XOM: mild Air miscast
 14611 | Lair:4   | Noticed Urug
 14622 | Lair:4   | XOM: confuse monster(s)
 14623 | Lair:4   | XOM: summons friendly quasit
 14628 | Lair:4   | Killed Urug
 15044 | Lair:4   | Noticed a four-headed hydra
 15059 | Lair:4   | XOM: summons friendly iron imp
 15129 | Lair:3   | XOM is BORED!
 15129 | Lair:3   | XOM: medium Chrm miscast
 15315 | Lair:3   | XOM: mild Erth miscast
 15341 | Lair:4   | XOM: confuse monster(s)
 15345 | Lair:4   | XOM: medium Conj miscast
 15347 | Lair:4   | XOM: swap monsters
 15357 | Lair:4   | Killed a four-headed hydra
 15357 | Lair:4   | Reached XP level 12. HP: 63/92 MP: 12/12
 15853 | Lair:5   | XOM: stat loss: -1 Dex (13/14)
 15860 | Lair:5   | XOM: 2-stop teleportation journey
 15953 | Lair:5   | Noticed Snorg
 16010 | Lair:5   | XOM: summons 12 friendly demons
 16017 | Lair:5   | Killed Snorg
 16671 | Lair:5   | XOM: mild Fire miscast
 16723 | Lair:5   | XOM: summons 3 hostile demons
 16730 | Lair:6   | Entered Level 6 of the Lair of Beasts
 16735 | Lair:6   | XOM: chaos cloud
 16736 | Lair:6   | XOM: confusion
 16737 | Lair:6   | ...
 16740 | Lair:6   | XOM: cast spell 'Call Canine Familiar'
 16744 | Lair:6   | XOM: harmless Hex miscast
 16746 | Lair:6   | XOM: 1-stop teleportation journey
 16762 | Lair:6   | Noticed a five-headed hydra
 16762 | Lair:6   | XOM: harmless Chrm miscast
 16830 | Lair:5   | XOM: harmless Pois miscast
 17077 | Lair:5   | XOM: harmless Tmut miscast
 17380 | Lair:1   | Found an opulent altar of Gozag.
 17395 | Lair:1   | XOM: potion effect (invisibility)
 17638 | D:8      | Found Ijiap's General Store.
 17649 | D:8      | Bought a +0 rapier for 64 gold pieces
 17649 | D:8      | Bought a scroll of enchant weapon for 120 gold pieces
 17882 | D:7      | XOM: 1-stop teleportation journey
 18035 | D:7      | XOM: cleaving
 18188 | D:7      | XOM: fog
 18194 | D:7      | Killed Rhok's ghost
 18319 | D:8      | Noticed Gastronok
 18374 | D:9      | Noticed a two-headed ogre
 18578 | D:9      | Killed a two-headed ogre
 18668 | D:9      | Noticed a two-headed ogre
 18674 | D:9      | Killed a two-headed ogre
 18870 | D:9      | XOM: 7-stop teleportation journey
 18873 | D:9      | XOM: confuse monster(s)
 18896 | D:9      | Found a staircase to the Orcish Mines.
 19323 | D:10     | Entered Level 10 of the Dungeon
 19348 | D:10     | XOM: smoke on damage
 19440 | D:9      | XOM: cloud trail
 19456 | D:9      | XOM: scenery: 1 doors close
 19567 | D:10     | XOM: summons friendly shadow imp
 19731 | D:10     | XOM: summons friendly crimson imp
 19788 | D:10     | XOM: mild Tmut miscast
 19928 | D:10     | Noticed a two-headed ogre
 19930 | D:10     | XOM: scenery: 2 doors close
 19939 | D:10     | Killed a two-headed ogre
 20188 | D:10     | Noticed Joseph
 20197 | D:10     | XOM: cast spell 'Cause Fear'
 20206 | D:10     | Killed Joseph
 20425 | D:10     | XOM: confuse monster(s)
 20508 | D:10     | Noticed a two-headed ogre
 20515 | D:10     | Killed a two-headed ogre
 20532 | D:10     | Noticed a centaur warrior
 20544 | D:10     | Killed a centaur warrior
 20544 | D:10     | Gained mutation: You are in touch with the powers of death. [Mummy growth]
 20544 | D:10     | Reached XP level 13. HP: 98/98 MP: 13/13
 20638 | D:10     | Identified the Almanac of Flight and Evil Rites
 20708 | D:10     | XOM: mild Fire miscast
 20979 | D:10     | XOM: medium Pois miscast
 21008 | D:11     | Reached skill level 1 in Evocations
 21121 | D:11     | Found Noshrahaf's General Store.
 21121 | D:11     | Noticed Grum
 21142 | D:11     | Killed Grum
 21154 | D:11     | Bought an uncursed ring of see invisible for 180 gold pieces
 21173 | D:11     | XOM: 1-stop teleportation journey
 21208 | D:11     | XOM: polymorph orc -> kobold
 21348 | D:11     | XOM: medium Hex miscast
 21351 | D:11     | XOM: summons 2 friendly demons
 21449 | D:11     | XOM: noise
 21572 | D:11     | XOM: cloud trail
 21787 | D:12     | XOM: harmless Air miscast
 21815 | D:12     | Found a labyrinth entrance.
 21823 | Lab      | Entered a labyrinth
 21866 | Lab      | XOM: mild Erth miscast
 21907 | Lab      | XOM: cloud trail
 22044 | Lab      | Noticed a minotaur
 22075 | Lab      | Killed a minotaur
 22077 | Lab      | Got a sparkling emerald amulet
 22084 | Lab      | Got a polished ring mail
 22095 | Lab      | Identified the +1 ring mail of the Chupacabra {Str+6} (You found it in a labyrinth)
 22138 | Lab      | Identified the amulet "Woedit" {rElec Regen+ Int+2} (You took it off a minotaur in a labyrinth)
 22242 | D:12     | Reached skill level 5 in Evocations
 22849 | D:12     | Identified Xom's Incunabulum of Success {god gift} (Xom gifted it to you on level 12 of the Dungeon)
 22849 | D:12     | XOM: god gift: Xom's Incunabulum of Success {god gift}
 22973 | D:12     | XOM: scenery: create altars
 23124 | D:12     | XOM: divination: detect creatures
 23143 | D:13     | Found Tiubof's Gadget Shop.
 23147 | D:13     | XOM: swap monsters
 23163 | D:13     | Bought a wand of digging (9) for 338 gold pieces
 23188 | D:13     | Found Aquoshroff's General Store.
 23240 | D:13     | XOM: confuse monster(s)
 23389 | D:13     | XOM: confuse monster(s)
 23396 | D:13     | XOM: noise
 23397 | D:13     | XOM: confuse monster(s)
 23400 | D:13     | XOM: polymorph centaur warrior -> deep troll
 23408 | D:13     | XOM: polymorph deep troll -> sea snake
 23440 | D:13     | XOM: divination: magic mapping
 23526 | D:13     | Noticed Sonja
 23528 | D:13     | XOM: scenery: 2 doors open
 23531 | D:13     | XOM: fake destruction
 23539 | D:13     | Noticed Erolcha
 23544 | D:13     | Killed Sonja
 23545 | D:13     | XOM: summons 4 friendly demons
 23549 | D:13     | Killed Erolcha
 23645 | D:13     | Found Otecyept's Gadget Shoppe.
 23651 | D:13     | XOM: fog
 23738 | D:13     | XOM: god gift: 60 gold pieces {god gift}
 23787 | D:13     | Identified a +1 pair of boots of running (You found it on level 13 of the Dungeon)
 23871 | D:13     | XOM: potion effect (invisibility)
 24139 | D:13     | XOM: confusion (+ monsters)
 24239 | D:13     | XOM: harmless Tmut miscast
 24284 | D:13     | Reached XP level 14. HP: 93/105 MP: 20/20
 24308 | D:13     | Found a gate to the Vaults.
 24529 | D:14     | XOM: enchant monster (bad)
 24531 | D:14     | Reached skill level 15 in Axes
 24658 | D:14     | XOM: harmless Tloc miscast
 24663 | D:14     | XOM: confuse monster(s)
 24716 | D:14     | XOM: god gift: 25 gold pieces {god gift}
 24964 | D:14     | XOM: divination: detect creatures
 24967 | D:14     | XOM: divine lightning
 25059 | D:14     | XOM: summons friendly ufetubus
 25301 | D:15     | Entered Level 15 of the Dungeon
 25304 | D:15     | XOM: cast spell 'Summon Dragon'
 25485 | D:15     | XOM: divination: detect items
 25495 | D:15     | XOM: blink monster(s)
 25868 | Lair:1   | Killed Erica
 26141 | Lair:6   | XOM: harmless Air miscast
 26144 | Lair:6   | XOM: divine lightning
 26151 | Lair:6   | XOM: scenery: create altars
 26309 | Lair:6   | Noticed Pikaro's ghost (journeyman BaSu)
 26337 | Lair:6   | Killed Pikaro's ghost
 26342 | Lair:6   | XOM: potion effect (haste)
 26343 | Lair:6   | XOM: polymorph five-headed hydra -> something unseen
 26345 | Lair:6   | Noticed a ghost moth
 26347 | Lair:6   | XOM: 3-stop teleportation journey
 26355 | Lair:6   | XOM: cloud trail
 26554 | Lair:6   | XOM: noise
 26576 | Lair:6   | XOM: enchant monster (good)
 26580 | Lair:6   | XOM: destruction
 26595 | Lair:6   | Reached skill level 10 in Armour
 26607 | Lair:6   | XOM: god gift: 26 gold pieces {god gift}
 26608 | Lair:6   | XOM: summons 12 friendly demons
 26807 | Lair:6   | Found a staircase to the Slime Pits.
 26893 | Lair:6   | HP: 4/105 [acid (11)]
 27583 | Lair:6   | XOM: summons 2 friendly demons
 27700 | Lair:6   | XOM: potion effect (haste)
 27819 | Lair:6   | XOM: scenery: 1 doors open, 2 doors close
 27836 | Lair:6   | Got an ichor-stained cloak
 27847 | Lair:6   | Identified the +1 cloak of the Flute {MR++} (You found it on level 6 of the Lair of Beasts)
 28056 | Orc:1    | Entered Level 1 of the Orcish Mines
 28066 | Orc:1    | Reached XP level 15. HP: 100/110 MP: 21/21
 28255 | Orc:1    | XOM: god gift: 41 gold pieces {god gift}
 28262 | Orc:1    | Found Meistrac's Antique Armour Shop.
 28568 | Orc:1    | XOM: polymorph orc priest -> gnoll
 28572 | Orc:1    | Noticed an orc warlord
 28663 | Orc:1    | XOM: fog
 28673 | D:9      | XOM: scenery: create altars
 28700 | D:9      | XOM: cast spell 'Ring of Flames'
 28710 | D:9      | Killed an orc warlord
 28933 | Orc:2    | Entered Level 2 of the Orcish Mines
 28933 | Orc:2    | Found a staircase to the Elven Halls.
 29051 | Orc:2    | Found Maneun's Magic Scroll Boutique.
 29065 | Orc:2    | Bought a scroll of enchant weapon for 127 gold pieces
 29085 | Orc:2    | Found Loifoph's Gadget Boutique.
 29237 | Orc:2    | Found Fiprughe's Book Shoppe.
 29277 | Orc:2    | XOM: scenery: create altars
 29328 | Orc:2    | Identified Xom's Tome of Triumph {god gift} (Xom gifted it to you on level 2 of the Orcish Mines)
 29328 | Orc:2    | XOM: god gift: Xom's Tome of Triumph {god gift}
 29381 | Orc:2    | XOM: 3-stop teleportation journey
 29442 | Orc:2    | XOM: chaos upgrade
 29593 | Orc:2    | XOM: enchant monster (good)
 29643 | Orc:2    | XOM: mild Fire miscast
 29728 | Orc:2    | XOM: polymorph orc warrior -> wolf
 29937 | Orc:2    | XOM: mild Summ miscast
 30113 | Orc:2    | Found Haulog's Food Shop.
 30114 | Orc:2    | Found Quam Zoth's Jewellery Shop.
 30114 | Orc:2    | Found Ryskeax's Food Boutique.
 30115 | Orc:2    | Found Fetiugh's General Store.
 30300 | D:12     | XOM: noise
 30329 | D:13     | Bought a +5 ring of slaying for 1591 gold pieces
 30331 | D:13     | XOM: harmless Summ miscast
 30466 | D:15     | Found an ancient bone altar of Kikubaaqudgha.
 30625 | D:15     | XOM: summons 3 friendly demons
 30626 | D:15     | XOM: divine lightning
 30659 | D:15     | Noticed DEFE's ghost (journeyman MiFi)
 30664 | D:15     | XOM: smoke on damage
 30671 | D:15     | XOM: enchant monster (good)
 30672 | D:15     | XOM: noise
 30677 | D:15     | Killed DEFE's ghost
 30855 | D:15     | XOM: summons friendly ufetubus
 30950 | D:15     | Found a staircase to the Depths.
 30998 | D:15     | Found a radiant altar of Vehumet.
 31281 | Snake:1  | Entered Level 1 of the Snake Pit
 31407 | Snake:1  | XOM: summons friendly ufetubus
 31853 | Snake:1  | XOM: blink monster(s)
 32344 | Snake:2  | XOM: divination: magic mapping
 32451 | Snake:2  | XOM: potion effect (brilliance)
 32632 | Snake:2  | XOM: cast spell 'Olgreb's Toxic Radiance'
 32743 | Snake:2  | Noticed a nagaraja
 32758 | Snake:2  | XOM: harmless Ice miscast
 32768 | Snake:2  | Killed a nagaraja
 32835 | Snake:2  | Reached XP level 16. HP: 101/117 MP: 22/22
 32915 | Snake:2  | XOM: harmless Tmut miscast
 32937 | Snake:2  | Noticed Roxanne
 33013 | Snake:2  | XOM: swap monsters
 33016 | Snake:2  | XOM: mild Fire miscast
 33150 | Snake:2  | XOM: 2-stop teleportation journey
 33187 | Snake:2  | XOM: 1-stop teleportation journey
 33366 | Snake:2  | XOM: 4-stop teleportation journey
 33448 | Snake:2  | XOM: swap monsters
 33575 | Snake:2  | XOM: stat loss: -1 Str (20/21)
 33778 | Snake:3  | XOM: harmless Chrm miscast
 33780 | Snake:3  | XOM: 1-stop teleportation journey
 34200 | Snake:3  | XOM: divination: magic mapping
 34250 | Snake:3  | XOM: summons friendly quasit
 34280 | Snake:3  | XOM: cloud trail
 34306 | Snake:3  | XOM: polymorph quasit -> white imp
 34408 | Snake:3  | XOM: polymorph naga warrior -> two-headed ogre
 34483 | Snake:3  | XOM: cleaving
 34660 | Snake:3  | XOM: scenery: create altars
 34760 | Snake:3  | XOM: summons 3 friendly demons
 34765 | Snake:3  | XOM: snakes to sticks
 34768 | Snake:3  | XOM: confuse monster(s)
 34833 | Snake:4  | Entered Level 4 of the Snake Pit
 34841 | Snake:4  | XOM: enchant monster (bad)
 34848 | Snake:4  | XOM: enchant monster (good)
 34854 | Snake:4  | Reached skill level 10 in Fighting
 35019 | Snake:4  | XOM: summons friendly ufetubus
 35023 | Snake:4  | XOM: confuse monster(s)
 35117 | Snake:4  | Found Ytutterph's Gadget Shoppe.
 35382 | Snake:4  | XOM: severe Hex miscast
 35482 | Snake:4  | XOM: mild Hex miscast
 35650 | Snake:4  | XOM: enchant monster (bad)
 35657 | Snake:4  | XOM: medium Erth miscast
 35848 | Snake:4  | Found Deemig's Distillery.
 35905 | Snake:4  | XOM: polymorph nagaraja -> frost giant
 35983 | Snake:4  | Found Foamonk's General Store.
 35993 | Snake:4  | XOM: harmless Necr miscast
 36003 | Snake:4  | Found Woerrybb's Magic Scroll Boutique.
 36017 | Snake:4  | Bought a scroll of enchant weapon for 112 gold pieces
 36017 | Snake:4  | Bought a scroll of enchant armour for 112 gold pieces
 36017 | Snake:4  | Bought a scroll of teleportation for 45 gold pieces
 36017 | Snake:4  | Bought a scroll of teleportation for 45 gold pieces
 36219 | Snake:4  | Reached skill level 1 in Spellcasting
 36251 | Snake:4  | Reached skill level 1 in Translocations
 36306 | Snake:4  | XOM: polymorph naga ritualist -> elephant
 36399 | Snake:4  | XOM: stat loss: -1 Int (14/15)
 36404 | Snake:4  | XOM: confusion
 36412 | Snake:4  | XOM: mild Necr miscast
 36416 | Snake:4  | Reached XP level 17. HP: 133/133 MP: 23/23
 36497 | Snake:4  | XOM: potion effect (agility)
 36607 | Snake:4  | XOM: noise
 36790 | Snake:4  | XOM: harmless Ice miscast
 36792 | Snake:4  | XOM: summons 4 hostile shadow creatures
 36819 | Snake:4  | XOM: summons 3 friendly demons
 36823 | Snake:4  | Reached skill level 5 in Spellcasting
 36823 | Snake:4  | XOM: polymorph quasit -> iron imp
 36987 | Snake:4  | XOM: mild Ice miscast
 37113 | Snake:4  | XOM: destruction
 37268 | Snake:4  | XOM: divination: magic mapping
 37435 | Snake:4  | Got a serpentine rune of Zot
 37804 | Elf:1    | Entered Level 1 of the Elven Halls
 37822 | Elf:1    | Reached skill level 5 in Translocations
 37827 | Elf:1    | Found a radiant altar of Vehumet.
 37852 | Elf:1    | XOM: smoke on damage
 37860 | Elf:1    | XOM: harmless Tloc miscast
 38003 | Elf:1    | Found Zyotut's Weapon Boutique.
 38343 | Elf:1    | XOM: cast spell 'Call Canine Familiar'
 38407 | Elf:1    | XOM: cast spell 'Ring of Flames'
 38527 | Elf:1    | XOM: summons 6 friendly demons
 38534 | Elf:1    | XOM: enchant monster (good)
 38851 | Elf:1    | XOM: confuse monster(s)
 38910 | Elf:1    | XOM: harmless Summ miscast
 38980 | Elf:2    | XOM: cleaving
 39270 | Elf:2    | XOM: summons 8 friendly demons
 39283 | Elf:2    | Reached XP level 18. HP: 120/140 MP: 27/27
 39376 | Elf:2    | XOM: potion effect (heal wounds)
 39399 | Elf:2    | XOM: 4-stop teleportation journey
 39441 | Elf:2    | XOM: god gift: leather armour {god gift}
 39647 | Elf:2    | Found a huge runed gate.
 39647 | Elf:2    | Found a huge runed gate.
 39647 | Elf:2    | Found a huge runed gate.
 39647 | Elf:2    | Found a huge runed gate.
 39647 | Elf:2    | Found a huge runed gate.
 39697 | Elf:2    | XOM: enchant monster (bad)
 39698 | Elf:2    | XOM: harmless Necr miscast
 39992 | Elf:3    | Entered Level 3 of the Elven Halls
 40013 | Elf:3    | XOM: noise
 40026 | Elf:3    | Noticed Donald
 40045 | Elf:3    | XOM: smoke on damage
 40053 | Elf:3    | Noticed Donald
 40053 | Elf:3    | Donald changed into Donald the dire elephant
 40053 | Elf:3    | XOM: polymorph Donald -> Donald the dire elephant
 40058 | Elf:3    | XOM: summons friendly crimson imp
 40158 | Elf:3    | Killed Donald the dire elephant
 40208 | Elf:3    | XOM: harmless Fire miscast
 40329 | Elf:3    | XOM: butterfly on damage
 40394 | Elf:3    | XOM: divination: magic mapping
 40626 | Elf:3    | Found Pisoirep's General Store.
 40631 | Elf:3    | Bought a scroll of teleportation for 42 gold pieces
 40671 | Elf:3    | XOM: harmless Hex miscast
 40817 | Elf:3    | XOM: divination: detect creatures
 40866 | Elf:3    | XOM: enchant monster (good)
 40953 | Elf:3    | XOM: summons 4 friendly demons
 40956 | Elf:3    | XOM: cast spell 'Dispersal'
 41132 | Elf:3    | XOM: summons 4 hostile demons
 41222 | Elf:3    | XOM: cleaving
 41272 | Elf:3    | XOM: scenery: 2 doors close
 41276 | Elf:3    | XOM: blink monster(s)
 41421 | Elf:3    | XOM: harmless Conj miscast
 41449 | Elf:3    | XOM: summons friendly crimson imp
 41476 | Elf:3    | XOM: potion effect (haste)
 41481 | Elf:3    | XOM: harmless Tmut miscast
 41503 | Elf:3    | XOM: potion effect (haste)
 41532 | Elf:3    | Noticed an Ice Fiend
 41533 | Elf:3    | Reached skill level 15 in Armour
 41545 | Elf:3    | XOM: potion effect (haste)
 41556 | Elf:3    | Got a flickering bronze amulet
 41557 | Elf:3    | Identified the amulet "Itutoenki" {Faith +Inv Str+4} (You took it off a deep elf death mage on level 3 of the Elven Halls)
 41590 | Elf:3    | Got a translucent amber ring
 41591 | Elf:3    | Got a faintly glowing morningstar {speed}
 41592 | Elf:3    | Identified the +11 morningstar of Zovvan {speed, *Noise +Inv Str-2 Stlth+} (You took it off a deep elf knight on level 3 of the Elven Halls)
 41594 | Elf:3    | Identified the ring "Xadoset" {Ice MR- Int+4 SInv} (You took it off a deep elf knight on level 3 of the Elven Halls)
 41625 | Elf:3    | XOM: potion effect (brilliance)
 41635 | Elf:3    | XOM: potion effect (brilliance)
 41709 | Elf:3    | XOM: cleaving
 41849 | Elf:3    | XOM: god gift: scroll of enchant weapon {god gift}
 41859 | Elf:3    | Identified the Tome of Flamy Transmutation
 41884 | Elf:3    | Noticed Louise
 41907 | Elf:3    | XOM: divination: detect items
 41914 | Elf:3    | XOM: fog
 41919 | Elf:3    | Killed Louise
 42249 | Swamp:1  | Entered Level 1 of the Swamp
 42369 | Swamp:1  | Noticed Josephine
 42378 | Swamp:1  | Killed Josephine
 42698 | Swamp:1  | XOM: 1-stop teleportation journey
 42920 | Swamp:1  | Identified Xom's Compendium of the Battered Dances {god gift} (Xom gifted it to you on level 1 of the Swamp)
 42920 | Swamp:1  | XOM: god gift: Xom's Compendium of the Battered Dances {god gift}
 42942 | Swamp:1  | Learned a level 1 spell: Apportation
 43112 | Swamp:2  | Reached XP level 19. HP: 133/146 MP: 28/28
 43221 | Swamp:2  | XOM: summons friendly white imp
 43317 | Swamp:2  | Reached skill level 10 in Translocations
 43374 | Swamp:2  | XOM: silly message
 43387 | Swamp:2  | XOM: summons friendly quasit
 43393 | Swamp:2  | XOM: fake destruction
 43670 | Swamp:2  | XOM: summons 3 hostile demons
 43775 | Swamp:2  | XOM: god gift: knobbly smoking staff {god gift}
 43992 | Swamp:3  | XOM: enchant monster (good)
 44232 | Swamp:3  | XOM: confusion
 44321 | Swamp:3  | XOM: mild Summ miscast
 44995 | Swamp:4  | Entered Level 4 of the Swamp
 44995 | Swamp:4  | Noticed Jorgrun
 45005 | Swamp:3  | Killed Jorgrun
 45053 | Swamp:4  | XOM: severe Hex miscast
 45274 | Swamp:4  | XOM: enchant monster (bad)
 45288 | Swamp:4  | XOM: enchant monster (bad)
 45361 | Swamp:4  | XOM: polymorph seven-headed hydra -> dire elephant
 45594 | Swamp:4  | XOM: mild Chrm miscast
 45608 | Swamp:4  | XOM: cleaving
 45754 | Swamp:4  | XOM: cloud trail
 45939 | Swamp:4  | XOM: god gift: 22 arrows {god gift}
 45951 | Swamp:4  | Got a decaying rune of Zot
 45972 | Swamp:4  | XOM: polymorph six-headed hydra -> tyrant leech
 46347 | D:8      | Found a staircase to the Lair.
 46352 | D:8      | Found a snail-covered altar of Cheibriados.
 46359 | D:8      | Noticed Gastronok
 46359 | D:8      | Gastronok the golden dragon changed into Gastronok the shadow dragon
 46477 | D:9      | XOM: cloud trail
 46531 | D:12     | XOM: summons 5 hostile demons
 46540 | D:12     | XOM: harmless Ice miscast
 46616 | Vaults:1 | Entered Level 1 of the Vaults
 46783 | Vaults:1 | XOM: swap monsters
 46963 | Vaults:1 | XOM: mild Summ miscast
 47111 | Vaults:1 | XOM: summons 1 hostile shadow creature
 47135 | Vaults:1 | XOM: blink monster(s)
 47286 | Vaults:1 | Reached XP level 20. HP: 153/153 MP: 26/29
 47306 | Vaults:1 | XOM: summons 2 hostile shadow creatures
 47310 | Vaults:1 | XOM: 3-stop teleportation journey
 47311 | Vaults:1 | XOM: swap monsters
 47339 | Vaults:1 | Found Dubo Lod's General Store.
 47429 | Vaults:1 | XOM: noise
 47785 | Vaults:1 | XOM: mild Pois miscast
 47825 | Vaults:1 | XOM: confusion (+ monsters)
 48480 | D:12     | XOM: harmless Necr miscast
 48491 | D:11     | Bought a scroll of acquirement for 624 gold pieces
 48492 | D:11     | Found the +3 warlock's mirror {reflect}
 48581 | Orc:2    | Bought a scroll of acquirement for 884 gold pieces
 48582 | Orc:2    | Found the +8 orange crystal plate armour {Archmagi, Int+3 Clar}
 48594 | Orc:2    | clarity for mummy of xom... yummi!
 48870 | Vaults:2 | XOM: stealth player
 48924 | Vaults:2 | XOM: destruction
 48947 | Vaults:2 | Found a magical portal.
 48961 | WizLab   | Entered The Roulette of Golubria
 48961 | WizLab   | Found a transporter.
 48964 | WizLab   | Found a corrupted altar of Lugonu.
 48997 | WizLab   | XOM: scenery: create altars
 49046 | WizLab   | Found a transporter.
 49077 | WizLab   | Found a transporter.
 49077 | WizLab   | Found a transporter.
 49137 | WizLab   | Found a transporter.
 49177 | WizLab   | Found a transporter.
 49181 | WizLab   | Found a transporter.
 49213 | WizLab   | Found a transporter.
 49250 | WizLab   | Found a transporter.
 49269 | WizLab   | Found a transporter.
 49318 | WizLab   | Found a transporter.
 49319 | WizLab   | XOM: mild Necr miscast
 49434 | WizLab   | XOM: fake destruction
 49434 | WizLab   | Found a transporter.
 49434 | WizLab   | Found a transporter.
 49440 | WizLab   | XOM: polymorph blink frog -> golden eye
 49460 | WizLab   | Found a transporter.
 49491 | WizLab   | Found a transporter.
 49491 | WizLab   | Found a transporter.
 49492 | WizLab   | Found the +1 cloak of Starlight {rElec rC+ EV+4 Stlth--}
 49496 | WizLab   | XOM: confuse monster(s)
 49516 | WizLab   | XOM: polymorph red devil -> rust devil
 49535 | WizLab   | Identified Golubria's Catalogue of the Compass
 49706 | Vaults:2 | XOM: summons 1 hostile demon
 49727 | Vaults:2 | XOM: scenery: 1 doors open, 2 doors close
 49853 | Vaults:2 | XOM: fog
 49896 | Vaults:2 | XOM: potion effect (brilliance)
 50032 | Vaults:2 | XOM: 6-stop teleportation journey
 50126 | Vaults:2 | XOM: scenery: 4 doors close
 50182 | Vaults:2 | Found a staircase to the Crypt.
 50182 | Vaults:2 | Found an ancient bone altar of Kikubaaqudgha.
 50183 | Vaults:2 | Found a basalt altar of Yredelemnul.
 50236 | Vaults:2 | Noticed Mara
 50330 | Vaults:2 | XOM: summons 2 friendly demons
 50429 | Vaults:2 | XOM: fog
 50533 | Vaults:2 | XOM: scenery: 1 doors close
 50594 | Vaults:2 | XOM: god gift: 7 rations {god gift}
 50769 | Vaults:2 | XOM: god gift: 28 gold pieces {god gift}
 50792 | Crypt:1  | Entered Level 1 of the Crypt
 50814 | Crypt:1  | XOM: scenery: 1 fountains blood, 3 doors close
 50939 | Crypt:1  | XOM: summons friendly iron imp
 51012 | Crypt:1  | Noticed Margery
 51020 | Crypt:1  | XOM: summons 2 friendly demons
 51562 | Vaults:3 | XOM: 1-stop teleportation journey
 51701 | Vaults:3 | XOM: harmless Pois miscast
 51724 | Vaults:3 | XOM: swap monsters
 51764 | Vaults:3 | Reached XP level 21. HP: 166/166 MP: 30/30
 51834 | Vaults:3 | XOM: harmless Summ miscast
 52098 | Vaults:3 | Got a spiked scale mail
 52099 | Vaults:3 | Identified the +1 scale mail of Death Resistance {MP+9 Str-2 Dex+4} (You found it on level 3 of the Vaults)
 52139 | Vaults:3 | Reached skill level 15 in Fighting
 52150 | Vaults:3 | XOM: 2-stop teleportation journey
 52287 | Vaults:3 | XOM: harmless Air miscast
 52425 | Vaults:3 | XOM: severe Fire miscast
 52538 | Vaults:3 | XOM: 2-stop teleportation journey
 52640 | Vaults:3 | XOM: destruction
 52658 | Vaults:3 | XOM is BORED!
 52658 | Vaults:3 | XOM: blink monster(s)
 52949 | Vaults:3 | XOM: fog
 52998 | Vaults:3 | XOM: divination: magic mapping
 53210 | Vaults:3 | XOM: polymorph deep elf archer -> eye of devastation
 53402 | Vaults:4 | XOM is BORED!
 53402 | Vaults:4 | XOM: swap monsters
 53472 | Vaults:4 | XOM: summons friendly crimson imp
 53548 | Vaults:4 | XOM: 1-stop teleportation journey
 53549 | Vaults:4 | XOM: butterfly on damage
 53569 | Vaults:4 | XOM: confuse monster(s)
 53576 | Vaults:4 | Found Qaeq's Antique Armour Boutique.
 53825 | Vaults:2 | Noticed Serpenta's illusion
 53840 | Vaults:2 | XOM: scenery: 1 doors close
 53848 | Vaults:2 | XOM: enchant monster (good)
 54160 | Lair:3   | XOM: cloud trail
 54562 | Lair:1   | XOM: scenery: create altars
 54641 | D:11     | XOM: cloud trail
 54755 | Depths:1 | Entered Level 1 of the Depths
 54849 | Depths:1 | XOM: confuse monster(s)
 54895 | Depths:1 | XOM: confuse monster(s)
 54962 | Depths:1 | XOM: 1-stop teleportation journey
 55036 | Depths:1 | XOM: enchant monster (good)
 55050 | Depths:1 | XOM: polymorph spark wasp -> tyrant leech
 55055 | Depths:1 | XOM: confuse monster(s)
 55132 | Depths:2 | XOM: scenery: create altars
 55152 | Depths:2 | XOM: mild Erth miscast
 55161 | Depths:1 | XOM: polymorph deep troll earth mage -> anaconda
 55177 | Depths:1 | XOM: 2-stop teleportation journey
 55230 | Depths:1 | XOM: destruction
 55231 | Depths:1 | Reached skill level 1 in Dodging
 55232 | Depths:1 | Noticed Nikola
 55240 | Depths:1 | XOM: summons friendly quasit
 55251 | Depths:1 | Killed Nikola
 55253 | Depths:1 | Got a pair of distressingly furry gloves
 55254 | Depths:1 | Identified the +2 pair of gloves of Responsibility {Regen+ Dex+4 Stlth-} (You took it off Nikola on level 1 of the Depths)
 55325 | Depths:1 | XOM: 7-stop teleportation journey
 55424 | Depths:1 | Found a gateway to Hell.
 55569 | Depths:1 | XOM: summons 5 friendly demons
 55573 | Depths:1 | XOM: summons 5 friendly demons
 55595 | Depths:1 | XOM: scenery: create altars
 55719 | Depths:1 | XOM: cloud trail
 55744 | Depths:1 | XOM: cleaving
 55759 | Depths:1 | XOM: fake destruction
 55762 | Depths:1 | XOM: god gift: tubular granite ring {god gift}
 55848 | Depths:1 | XOM: confuse monster(s)
 55899 | Depths:1 | XOM: scenery: create altars
 56436 | Depths:2 | Reached XP level 22. HP: 184/184 MP: 31/31
 56437 | Depths:2 | XOM: mild Chrm miscast
 56465 | Depths:2 | XOM: summons 2 friendly demons
 56469 | Depths:2 | Reached skill level 5 in Dodging
 56494 | Depths:2 | XOM: confuse monster(s)
 56511 | Depths:2 | XOM: cast spell 'Alistair's Intoxication'
 56514 | Depths:2 | XOM: mild Fire miscast
 56674 | Depths:2 | XOM: 1-stop teleportation journey
 56679 | Depths:2 | XOM: enchant monster (bad)
 56680 | Depths:2 | XOM: enchant monster (bad)
 56683 | Depths:2 | XOM: cleaving
 56907 | Depths:2 | XOM: harmless Tmut miscast
 56945 | Depths:2 | Found a sacrificial altar of Ru.
 56946 | Depths:2 | Found a sacrificial altar of Ru.
 56946 | Depths:2 | Found a blossoming altar of Fedhas.
 57096 | Depths:2 | Noticed a juggernaut
 57096 | Depths:2 | XOM: 2-stop teleportation journey
 57169 | Depths:2 | XOM: summons 4 friendly demons
 57214 | Depths:2 | XOM: swap monsters
 57316 | Depths:2 | XOM: divine lightning
 57330 | Depths:2 | Noticed a juggernaut
 57341 | Depths:2 | Killed a juggernaut
 57594 | Depths:2 | XOM: divine lightning
 57609 | Depths:2 | XOM: 8-stop teleportation journey
 57725 | Depths:2 | XOM: god gift: 740 gold pieces {god gift}
 57729 | Depths:2 | XOM: scenery: 1 doors open, 2 doors close
 57852 | Depths:2 | Reached skill level 10 in Dodging
 57870 | Depths:2 | Noticed a golden dragon
 57870 | Depths:2 | XOM: harmless Conj miscast
 57884 | Depths:2 | Killed a golden dragon
 57977 | Depths:2 | Identified the Disquisition on Slavery
 57985 | Depths:2 | Got an ichor-stained war axe
 57986 | Depths:2 | Identified the +5 war axe of the Iron City of Dis {chop, rElec Str+4} (You found it on level 2 of the Depths)
 58107 | Depths:2 | XOM: cast spell 'Death Channel'
 58112 | Depths:2 | Killed a juggernaut
 58199 | Depths:3 | Noticed the Enchantress
 58200 | Depths:3 | ugh. why disto?
 58200 | Depths:3 | XOM: fog
 58201 | Depths:3 | XOM: summons 12 friendly demons
 58237 | Depths:2 | XOM: enchant monster (good)
 58246 | Depths:2 | Killed the Enchantress
 58259 | Depths:2 | Got faerie dragon scales
 58260 | Depths:2 | Identified the +3 faerie dragon scales {+Blink rCorr} (You took it off the Enchantress on level 2 of the Depths)
 58318 | Depths:3 | Noticed Asterion
 58329 | Depths:2 | XOM: cloud trail
 58350 | Depths:3 | XOM: fog
 58453 | Depths:2 | XOM: god gift: phantom mirror {god gift}
 58609 | Depths:3 | XOM: god gift: 15 gold pieces {god gift}
 58675 | Depths:3 | XOM: swap monsters
 58715 | Depths:3 | Reached XP level 23. HP: 190/190 MP: 28/32
 58751 | Depths:3 | XOM: 1-stop teleportation journey
 58782 | Depths:3 | XOM: noise
 59020 | Depths:4 | XOM: butterfly on damage
 59124 | Depths:4 | XOM: scenery: 1 doors open, 3 doors close
 59495 | Depths:4 | Found a one-way gate to the infinite horrors of the Abyss.
 59620 | Depths:3 | XOM: swap monsters
 59707 | Depths:3 | XOM: harmless Summ miscast
 59792 | Depths:3 | XOM: harmless Tloc miscast
 59840 | Depths:3 | XOM: swap monsters
 60030 | Depths:3 | XOM: potion effect (might)
 60031 | Depths:3 | XOM: potion effect (brilliance)
 60069 | Depths:3 | Found a deep blue altar of Sif Muna.
 60071 | Depths:3 | Found an opulent altar of Gozag.
 60071 | Depths:3 | Found a glowing golden altar of the Shining One.
 60073 | Depths:3 | Found a hide-covered altar of Uskayaw.
 60073 | Depths:3 | Found a shimmering altar of Xom.
 60073 | Depths:3 | Found a snail-covered altar of Cheibriados.
 60158 | Depths:3 | XOM: silly message
 60193 | Depths:3 | XOM: silly message
 60196 | Depths:3 | XOM: harmless Erth miscast
 60276 | Depths:3 | XOM: stat loss: -1 Dex (15/16)
 60358 | Depths:3 | XOM: enchant monster (bad)
 60494 | Depths:3 | XOM: summons friendly quasit
 60560 | Depths:3 | Noticed an ancient lich
 60582 | Depths:3 | Killed an ancient lich
 60598 | Depths:3 | XOM: summons friendly ufetubus
 60605 | Depths:3 | XOM: summons friendly iron imp
 60606 | Depths:3 | XOM: polymorph iron imp -> quasit
 60855 | Depths:3 | XOM: fake destruction
 60888 | Depths:3 | Killed Asterion
 61008 | Depths:3 | Found a one-way gate leading to the halls of Pandemonium.
 61090 | Depths:3 | Found Ecunyl Piom's Distillery.
 61142 | Depths:3 | Found a portal to a secret trove of treasure.
 61158 | Trove    | Entered a treasure trove
 61376 | Depths:4 | XOM: mild Summ miscast
 61379 | Depths:4 | Reached skill level 5 in Shields
 61381 | Depths:4 | XOM: harmless Fire miscast
 61481 | Depths:4 | XOM: mild Erth miscast
 61485 | Depths:4 | XOM: summons 16 friendly demons
 61558 | Depths:4 | Found a gateway to a ziggurat.
 61568 | Depths:4 | XOM: swap monsters
 61616 | Depths:4 | Reached XP level 24. HP: 190/201 MP: 32/32
 61621 | Depths:4 | XOM: summons 12 hostile demons
 61792 | Depths:4 | XOM: harmless Pois miscast
 61842 | Depths:4 | XOM: god gift: emerald ring {god gift}
 61911 | Depths:4 | XOM: mild Summ miscast
 61913 | Depths:4 | XOM: destruction
 61957 | Depths:4 | Found a roughly hewn altar of Beogh.
 62150 | Depths:4 | XOM: mild Tmut miscast
 62281 | Depths:4 | Found The Legendary Erphuol's Legendary Smithy.
 62323 | Depths:4 | Found Gidarch's Slaves and Accessories.
 62348 | Depths:4 | XOM: summons friendly iron imp
 62421 | Depths:4 | Found Jack's Jerk-a-riffic Jerky.
 62468 | Depths:4 | Found Pemuegh's Miraculous Elixirs.
 62731 | Depths:4 | XOM: cloud trail
 62766 | Depths:5 | Entered Level 5 of the Depths
 62774 | Depths:5 | XOM: cast spell 'Summon Horrible Things'
 62805 | Depths:5 | XOM: scenery: 1 doors open
 62808 | Depths:5 | Noticed a juggernaut
 62824 | Depths:5 | XOM: enchant monster (good)
 63072 | Depths:5 | XOM: summons 1 hostile shadow creature
 63097 | Depths:5 | XOM: medium Air miscast
 63190 | Depths:5 | Noticed Xtahua
 63205 | Depths:5 | Killed Xtahua
 63321 | Depths:5 | Reached skill level 10 in Shields
 63359 | Depths:5 | XOM: divination: detect items
 63526 | Depths:5 | XOM: harmless Air miscast
 63538 | Depths:5 | XOM: harmless Necr miscast
 63539 | Depths:5 | XOM: summons 4 friendly demons
 63692 | Depths:5 | XOM: chaos cloud
 63706 | Depths:5 | XOM: destruction
 63796 | Depths:5 | Found a gate to the Realm of Zot.
 64376 | D:15     | XOM: divination: detect creatures
 64824 | Snake:2  | Killed Roxanne
 65359 | Vaults:2 | Noticed Serpenta's illusion
 65374 | Vaults:2 | XOM: enchant monster (good)
 65381 | Vaults:2 | XOM: enchant monster (good)
 65384 | Vaults:2 | Noticed Mara
 65384 | Vaults:2 | Mara changed into Mara the tentacled monstrosity
 65384 | Vaults:2 | XOM: polymorph Mara -> Mara the tentacled monstrosity
 65391 | Vaults:2 | Killed Mara
 65610 | Crypt:1  | XOM: god gift: wand of disintegration (9) {god gift}
 65628 | Crypt:1  | XOM: destruction
 65634 | Crypt:1  | Killed Margery
 65647 | Crypt:1  | XOM: potion effect (agility)
 66005 | Crypt:1  | Noticed Frederick
 66009 | Crypt:1  | Noticed Frederick
 66009 | Crypt:1  | Frederick changed into Frederick the shard shrike
 66009 | Crypt:1  | XOM: polymorph Frederick -> Frederick the shard shrike
 66012 | Crypt:1  | XOM: 3-stop teleportation journey
 66028 | Crypt:1  | Frederick the shard shrike changed into Frederick the titan
 66028 | Crypt:1  | XOM: polymorph Frederick the shard shrike -> Frederick the titan
 66382 | Crypt:2  | XOM: summons 2 friendly demons
 67165 | Crypt:2  | XOM: cloud trail
 67385 | Crypt:2  | XOM is BORED!
 67385 | Crypt:2  | XOM: medium Tmut miscast
 67396 | Crypt:3  | Found a staircase to the Tomb.
 67396 | Crypt:3  | XOM: stealth player
 67396 | Crypt:3  | Entered Level 3 of the Crypt
 67443 | Crypt:3  | XOM: scenery: create altars
 67448 | Crypt:3  | XOM: scenery: create altars
 67460 | Crypt:3  | Reached XP level 25. HP: 163/207 MP: 32/32
 67649 | Crypt:3  | Found a basalt altar of Yredelemnul.
 67833 | Crypt:3  | XOM: divine lightning
 67881 | Crypt:3  | XOM: scenery: create altars
 68075 | Crypt:3  | XOM: fog
 68105 | Crypt:3  | XOM: scenery: 1 fountains blood, 4 doors close
 68272 | Crypt:3  | XOM: fake destruction
 68276 | Crypt:3  | XOM: divination: magic mapping
 68296 | Crypt:3  | XOM: confuse monster(s)
 68341 | Crypt:3  | Found an ancient bone altar of Kikubaaqudgha.
 68344 | Crypt:3  | Found a basalt altar of Yredelemnul.
 68352 | Crypt:3  | Identified Advanced Spellweaving
 68355 | Crypt:3  | Got a faintly humming chain mail
 68356 | Crypt:3  | Identified the +2 chain mail of Duck's Teeth {rC+ Int+5 Dex-3} (You found it on level 3 of the Crypt)
 68388 | Crypt:3  | Got a fine cloak
 68389 | Crypt:3  | Identified the cursed +0 cloak "Zuzaz" {rC+} (You found it on level 3 of the Crypt)
 68392 | Crypt:3  | Identified the Grimoire of Flamy Enhancements
 68404 | Crypt:3  | Identified Sif Muna's Tome of the Frostbite and Execration
 68441 | Crypt:3  | XOM: smoke on damage
 68486 | Crypt:3  | XOM: medium Conj miscast
 68701 | Vaults:4 | XOM: enchant monster (good)
 68704 | Vaults:4 | XOM: 1-stop teleportation journey
 68889 | Vaults:4 | XOM: polymorph ice dragon -> entropy weaver
 69079 | Vaults:4 | Reached skill level 15 in Shields
 69144 | Vaults:4 | XOM: harmless Ice miscast
 69248 | Vaults:4 | XOM: divination: detect creatures
 69399 | Vaults:4 | XOM: confuse monster(s)
 69844 | Vaults:5 | Entered Level 5 of the Vaults
 69850 | Vaults:5 | Reached skill level 1 in Charms
 69858 | Vaults:5 | XOM: divination: detect items
 69868 | Vaults:4 | XOM: swap monsters
 69869 | Vaults:4 | XOM: harmless Conj miscast
 69947 | Vaults:5 | Reached skill level 5 in Charms
 69954 | Vaults:5 | XOM: cast spell 'Alistair's Intoxication'
 70087 | Vaults:5 | Noticed a juggernaut
 70087 | Vaults:5 | a titan changed into a juggernaut
 70087 | Vaults:5 | XOM: polymorph titan -> juggernaut
 70093 | Vaults:5 | Noticed a shard shrike
 70093 | Vaults:5 | a juggernaut changed into a shard shrike
 70102 | Vaults:5 | XOM: mild Summ miscast
 70104 | Vaults:5 | a shard shrike changed into a titan
 70231 | Vaults:5 | XOM: harmless Tloc miscast
 70497 | Vaults:5 | XOM: chaos upgrade
 70517 | Vaults:5 | XOM: harmless Ice miscast
 70541 | Vaults:5 | XOM: noise
 70592 | Vaults:5 | Noticed an ancient lich
 70602 | Vaults:5 | Gained mutation: You are strongly in touch with the powers of death. [Mummy growth]
 70602 | Vaults:5 | Reached XP level 26. HP: 139/215 MP: 31/32
 70727 | Vaults:5 | XOM: harmless Pois miscast
 71168 | Vaults:5 | Reached skill level 10 in Charms
 71344 | Vaults:5 | XOM: noise
 71609 | Vaults:5 | XOM: 2-stop teleportation journey
 71624 | Vaults:5 | XOM: divination: detect items
 71768 | Vaults:5 | XOM: harmless Hex miscast
 71830 | Vaults:5 | Found the +8 whip "Snakebite" {curare, rPois}
 72000 | Vaults:5 | XOM: swap monsters
 72143 | Vaults:5 | Got a silver rune of Zot
 72176 | Vaults:5 | Found the +7 Spriggan's Knife {MR+ EV+4 Dex+4 Stlth+}
 72200 | Vaults:5 | Found the +4 Vampire's Tooth {vamp}
 72280 | Vaults:5 | Killed an ancient lich
 72741 | Zot:1    | XOM: noise
 72741 | Zot:1    | Entered Level 1 of the Realm of Zot
 72810 | Zot:1    | XOM: polymorph white draconian monk -> dire elephant
 72818 | Zot:1    | XOM: swap monsters
 72893 | Zot:1    | XOM: cast spell 'Disjunction'
 72899 | Zot:1    | XOM: medium Air miscast
 72935 | Zot:1    | XOM: medium Erth miscast
 73014 | Zot:1    | ouch
 73018 | Zot:2    | HP: 6/216 [acid blob (29)]
 73018 | Zot:2    | HP: 1/216 [acid (5)]
 73021 | Zot:2    | the worst possible tele ever :( sad to lose a mummy with clarity :(
 73029 | Zot:2    | Splashed by a yellow draconian's acid
